General information
- name: grudge
- type: Custom game
- host: TIMG4STRok
- saver: TIMG4STRok
map: EchoIsles
- players: 2
- length: 04:33
- speed: Fast
- version: 1.23 W3XP
- replay type:

» download(17 KB)
Players
team 1 (loser)

»
TIMG4STRok (
gray | 82 APM | 374 actions | 04:33)
1 Far Seer
1 Feral Spirit
» actions
| Assign group hotkey | 2 | |
| Build / train | 15 | |
| ESC pressed | 3 | |
| Enter build submenu | 13 | |
| Enter hero's abilities submenu | 1 | |
| Right click | 207 | |
| Select / deselect | 87 | |
| Select group hotkey | 24 | |
| Use ability | 22 | |
374 total
» units
» buildings
| Altar of Storms | 1 | |
| Orc Burrow | 2 | |
| War Mill | 1 | |
| Watch Tower | 5 | |
| Barracks | 1 | |
10 total
» build order
00:07 Altar of Storms
00:21 Orc Burrow
00:54 Orc Burrow
01:24 War Mill
02:37 Watch Tower
02:58 Watch Tower
03:11 Watch Tower
03:29 Barracks
03:50 Watch Tower
04:02 Watch Tower
team 2 (winner)

»
Mata. (
green | 145 APM | 662 actions | 04:33)
2 Pit Lord
1 Howl of Terror
1 Cleaving Attack
» actions
| Assign group hotkey | 31 | |
| Basic commands | 2 | |
| Build / train | 20 | |
| Enter build submenu | 15 | |
| Enter hero's abilities submenu | 2 | |
| Remove unit from queue | 7 | |
| Right click | 237 | |
| Select / deselect | 288 | |
| Select group hotkey | 50 | |
| Use ability | 10 | |
662 total
» units
» buildings
| Altar of Darkness | 2 | |
| Crypt | 1 | |
| Ziggurat | 2 | |
| Graveyard | 2 | |
| Tomb of Relics | 1 | |
8 total
» build order
00:04 Altar of Darkness
00:07 Crypt
00:10 Ziggurat
00:38 Graveyard
00:38 Graveyard
01:00 Altar of Darkness
01:47 Ziggurat
02:25 Tomb of Relics
Chat log
(04:32 / All) TIMG4STRok: GG